 Dungeon Crawl Stone Soup version 0.28-a0-1087-gf3fc490d9d (webtiles) character file.

Game seed: 10998646960876800354

100 ytrimaz the Insei (level 4, 3/29 HPs)
             Began as an Octopode Transmuter on Dec 10, 2021.
             Quit the game on level 4 of the Dungeon.
             The game lasted 00:03:56 (4443 turns).

ytrimaz the Insei (Octopode Transmuter)             Turns: 4443, Time: 00:03:57

Health: 3/29       AC:  1    Str:  9    XL:     4   Next: 73%
Magic:  8/8        EV: 13    Int: 17    God:
Gold:   175        SH:  0    Dex: 12    Spells: 2/8 levels left

rFire   . . .      SeeInvis .     - Unarmed
rCold   . . .      Faith    .   (no shield)
rNeg    . . .      Spirit   .   (helmet currently unavailable)
rPois   .          Reflect  .   (no amulet)
rElec   .          Harm     .   (no ring)
rCorr   .          Rampage  .   (no ring)
Will    .....                   (no ring)
Stlth   ++........              (no ring)
HPRegen 0.09/turn               (no ring)
MPRegen 0.11/turn               (no ring)
                                (no ring)
                                (no ring)

@: brilliant, lethally poisoned (3 -> 0), appendages (expiring), invisible
A: tentacle spike 3, almost no armour, amphibious, 8 rings, camouflage 1,
gelatinous body 1, (nimble swimmer 1), tentacles
a: End Transformation


You were on level 4 of the Dungeon.
One of your tentacles had grown a beastly spike.
You visited 1 branch of the dungeon, and saw 4 of its levels.

You collected 175 gold pieces.

You aren't carrying anything.


   Skills:
 * Level 1.8 Fighting
 - Level 2.0 Dodging
 + Level 3.7 Unarmed Combat
 * Level 2.9 Spellcasting
 * Level 2.7 Transmutations
 * Level 0.8 Poison Magic


You had 2 spell levels left.
You knew the following spells:

 Your Spells              Type           Power      Damage    Failure   Level
a - Beastly Appendage     Tmut           34%        N/A       5%          1
b - Spider Form           Tmut/Pois      13%        N/A       26%         3
c - Wereblood             Tmut           17%        N/A       9%          2

Your spell library contained the following spells:

 Spells                   Type           Power      Damage    Failure   Level
 Ozocubu's Armour         Ice            3%         N/A       47%         3
 Ice Form                 Ice/Tmut       10%        N/A       69%         4
 Metabolic Englaciation   Hex/Ice        1%         N/A       99%         5
 Simulacrum               Ice/Necr       1%         N/A       100%        6


Dungeon Overview and Level Annotations

Branches:
Dungeon (4/15)
 Temple: D:4-7

Altars:
Gozag
Hepliaklqana
Kikubaaqudgha
Uskayaw
Wu Jian
Yredelemnul
Zin

Shops:
D:1 =

Annotations:
D:3 3 runed translucent doors, mitch45678's ghost, amateur MiNe


Innate Abilities, Weirdness & Mutations

One of your tentacles has grown a beastly spike.
You cannot wear most types of armour.
You are amphibious.
You can wear up to eight rings at the same time.
Your skin changes colour to match your surroundings (Stealth+).
Your rubbery body absorbs attacks. (AC +1, EV +1)
((You are camouflaged near water. (Stealth+)))
You have tentacles for arms and can constrict up to eight enemies at once.


Message History

The adder poisons you!
You closely miss the adder. Your grab misses the adder.
You pierce the adder, but do no damage.
The adder is moderately wounded.
You feel sick. The adder bites you.
You barely miss the adder. Your grab misses the adder.
Your squeeze misses the adder.
The adder is moderately wounded.
You feel sick. The adder bites you.
You are more poisoned.
The adder poisons you!
You tentacle-slap the adder. Your grab misses the adder.
The adder is severely wounded.
You feel sick. The adder bites you.
You are lethally poisoned!
The adder poisons you!
You tentacle-slap the adder but do no damage.
Your grab misses the adder.
Your tentacle spike misses the adder.
The adder is severely wounded.
You feel very sick. The adder barely misses you.
You tentacle-slap the adder.
You kill the adder!
* * * LOW HITPOINT WARNING * * *
You feel sick.
* * * LOW HITPOINT WARNING * * *
You feel sick.
You see here an adder corpse.
It was a potion of invisibility.
You fade into invisibility!
* * * LOW HITPOINT WARNING * * *
You feel sick.
Unknown command.
It was a potion of brilliance.
You feel clever all of a sudden.
Your transformation is almost over.
* * * LOW HITPOINT WARNING * * *
You feel sick.
You aren't carrying any potions.
Unknown command.
Are you sure you want to abandon this character and quit the game? (Confirm with "yes".)

#............
#..##.###.#.#
#..÷..# ####
#.<####
.....#.)# ..
.......†####...
.....##.#.....(
...........#
#.###..@#..# #
#...#..# #...#
.# #.... .#
#.... # #.....
...... ##....K.


You could see a kobold (wandering).

Vanquished Creatures
  5 adders
  3 orcs
  5 bats
  3 endoplasms
  7 hobgoblins
  A quokka (D:2)
  6 ball pythons
  5 frilled lizards
  5 goblins
  3 kobolds (D:1)
  6 rats
49 creatures vanquished.

Notes
Turn   | Place    | Note
-------+----------+-------------------------------------------
     0 | D:1      | ytrimaz the Octopode Transmuter began the quest for the
                  | Orb.
     0 | D:1      | Reached XP level 1. HP: 13/13 MP: 3/3
   485 | D:1      | Reached XP level 2. HP: 7/18 MP: 3/5
   955 | D:1      | Found a faded altar of an unknown god.
  1288 | D:1      | Found Onuapnol's One-of-a-Kind Rings.
  1543 | D:2      | Reached XP level 3. HP: 12/23 MP: 4/6
  1765 | D:2      | Learned a level 3 spell: Spider Form
  1768 | D:2      | Learned a level 2 spell: Wereblood
  2715 | D:3      | Found an ornate altar of the Wu Jian Council.
  2860 | D:3      | Found a runed translucent gate.
  2860 | D:3      | Found a runed translucent gate.
  2876 | D:3      | Found a runed translucent gate.
  2877 | D:3      | Found an opulent altar of Gozag.
  2877 | D:3      | Noticed a scorpion
  2878 | D:3      | Noticed mitch45678's ghost (amateur MiNe)
  2996 | D:3      | Reached XP level 4. HP: 6/28 MP: 8/8
  3415 | D:3      | Found a hide-covered altar of Uskayaw.
  3415 | D:3      | Found an ancient bone altar of Kikubaaqudgha.
  3416 | D:3      | Found a glowing silver altar of Zin.
  3416 | D:3      | Found a hazy altar of Hepliaklqana.
  3631 | D:4      | Noticed a scorpion
  3631 | D:4      | Found a basalt altar of Yredelemnul.
  3634 | D:4      | Noticed a black bear
  4443 | D:4      | Quit the game

Illustrated notes

Levels and vault maps discovered:
D:1:      saegor_arrival_simple_d, layout_rooms,
          shapermc_ecumenical_altar_ellora, nicolae_shop_unique_rings,
          minmay_crystal_room, hex_medium, hangedman_decor_clover_reticule,
          minmay_hedge_maze
D:2:      layout_basic, lemuel_old_faithful
D:3:      layout_loops_ring, grunt_temple_overflow_open, ebering_ghost_gozag,
          minivault_26
D:4:      layout_basic, minmay_temple_entry_glass, minmay_ruined_shrine

Action                   |  1- 3 |  4- 6 || total
-------------------------+-------+-------++-------
Melee: Unarmed           |   104 |    27 ||   131
       Kick              |    18 |     5 ||    23
       Tentacles         |    21 |     1 ||    22
       Constrict         |    19 |     5 ||    24
       Punch             |     1 |       ||     1
 Cast: Beastly Appendage |    20 |     3 ||    23
       Spider Form       |     1 |       ||     1
       Wereblood         |       |     1 ||     1
  Use: Scroll            |     3 |     1 ||     4
       Potion            |       |     3 ||     3
 Stab: Sleeping          |     2 |       ||     2
Armor: Skin              |    10 |     1 ||    11
Dodge: Dodged            |    80 |    11 ||    91

Table legend: (Time is in decaauts)
 A = Elapsed time spent in this place.
 B = Non-inter-level travel time spent in this place.
 C = Inter-level travel time spent in this place.
 D = Time resting spent in this place.
 E = Time spent auto-exploring this place.
 F = Levels seen in this place.
 G = Mean time per level.
                   A        B        C        D        E       F      G
               +--------+--------+--------+--------+--------+-----+--------+
         Total |   4436 |   4266 |    170 |    568 |   3236 |   4 | 1109.0 |
       Dungeon |   4436 |   4266 |    170 |    568 |   3236 |   4 | 1109.0 |
               +--------+--------+--------+--------+--------+-----+--------+

Top non-repeatable levels by time:
     D:2: 1486 daAuts
     D:1: 1439 daAuts
     D:3: 1242 daAuts
     D:4: 268 daAuts
